 Dungeon Crawl Stone Soup version 0.26.1-11-gd32895ea62 (webtiles) character file.

Game seed: 11465779096974072517

3037 Descartes the Grappler (level 9, 0/80 HPs)
             Began as a Troll Chaos Knight on June 7, 2021.
             Was a Plaything of Xom.
             Slain by a thrashing horror (5 damage)
             ... on level 1 of the Abyss.
             The game lasted 00:12:26 (6624 turns).

Descartes the Grappler (Troll Chaos Knight)         Turns: 6624, Time: 00:12:27

Health: 0/80       AC:  9    Str: 18 (22) XL:     9   Next: 56%
Magic:  16/16      EV: 11    Int:  9 (11) God:    Xom [.*....]
Gold:   397        SH:  0    Dex:  8 (11) Spells: 8/8 levels left

rFire    . . .     SeeInvis .     - Unarmed
rCold    . . .     Faith    .   (no shield)
rNeg     . . .     Spirit   .   a - +2 robe
rPois    .         Reflect  .   b - +1 hat {Will+}
rElec    .         Harm     .   (no cloak)
rCorr    .         Rampage  .   (gloves unavailable)
Will     +....                  (boots unavailable)
Stlth    +.........             (no amulet)
HPRegen  0.63/turn              z - ring of magical power
MPRegen  0.15/turn              (no ring)

@: no status effects
A: large, unfitting armour, claws 3, clever 1, deterioration 1, low mp 1,
regeneration 1, shaggy fur 1, tough skin 3
a: Renounce Religion


You were on level 1 of the Abyss.
You worshipped Xom.
You were a plaything of Xom.
You visited 2 branches of the dungeon, and saw 9 of its levels.
You visited the Abyss 1 time.

You collected 462 gold pieces.
You spent 65 gold pieces at shops.

Inventory:

Missiles
 d - 231 stones (quivered)
 k - 3 poisoned darts
 q - 8 boomerangs
 s - 8 curare-tipped darts
 t - 5 silver javelins
Armour
 a - a +2 robe (worn)
 b - a +1 hat of willpower (worn)
Jewellery
 z - a ring of magical power (left claw)
Wands
 r - a wand of iceblast (20)
 A - a wand of polymorph (13)
Scrolls
 c - 2 scrolls of immolation {unknown}
 e - 2 scrolls of magic mapping {unknown}
 g - a scroll of noise {unknown}
 h - 3 scrolls of teleportation {unknown}
 i - 2 scrolls of fear {unknown}
 j - 3 scrolls of random uselessness
 l - 3 scrolls of identify
 m - a scroll of enchant armour {unknown}
 n - 2 scrolls of fog {unknown}
 p - 6 scrolls of remove curse
 u - a scroll of blinking {unknown}
 v - a scroll of enchant weapon {unknown}
 y - a scroll of amnesia {unknown}
Potions
 f - a potion of might
 o - a potion of lignification
 w - a potion of invisibility


   Skills:
 - Level 2.4 Fighting
 + Level 4.3 Dodging
 + Level 12.5 Unarmed Combat


You had 8 spell levels left.
You didn't know any spells.
Your spell library contained the following spells:

 Spells                   Type           Power        Failure   Level
 Confusing Touch          Hex            0%           77%         3
 Gell's Gravitas          Tloc           0%           77%         3
 Petrify                  Tmut/Erth      0%           99%         4
 Metabolic Englaciation   Hex/Ice        0%           100%        5
 Yara's Violent Unravell  Hex/Tmut       0%           100%        5


Dungeon Overview and Level Annotations

Branches:
Dungeon (8/15)             Temple (1/1) D:6
   Lair: D:8-11

Altars:
Ashenzari
Cheibriados
Dithmenos
Elyvilon
Fedhas
Gozag
Kikubaaqudgha
Makhleb
Nemelex Xobeh
Okawaru
Qazlal
Ru
Sif Muna
Trog
Uskayaw
Vehumet
Xom
Yredelemnul
Zin
The Shining One

Shops:
D:8 ?

Annotations:
D:6 Maggie
D:8 Maurice


Innate Abilities, Weirdness & Mutations

You are too large for most types of armour.
You have claws for hands.
Your natural rate of healing is unusually fast.
You are covered in fur. (AC +1)
You have extremely tough skin. (AC +3)
Your mind is acute. (Int +2)
Your body sometimes deteriorates upon taking damage.
Your magical capacity is low. (-10% MP)


Message History

The thrashing horror tramples you.
You stumble backwards!
The thrashing horror roars!
The large abomination hits your quokka!!
Your quokka dies!
Your quokka's corpse disappears in a puff of smoke!
The thrashing horror tramples you.
You hold your ground!
The thrashing horror misses you.
The thrashing horror tramples you but does no damage. x2
Unknown command.
The large abomination hits you!!
* * * LOW HITPOINT WARNING * * *
Your body deteriorates!
You feel weakened. The thrashing horror tramples you!
* * * LOW HITPOINT WARNING * * *
You hold your ground!
The thrashing horror tramples you but does no damage.
There is a gateway leading deeper into the Abyss, spattered with blood here.
The thrashing horror tramples you.
You die...
Xom snickers!

. #..... ..#.###
#..#...##.##..##.####
.#..##.# ##..#)#....
#..#..#. ####..#...
##...#####..##.###..#
. .##. #....#..###..#
. #. .## #.#.#...# .#
#...
.###...X..####....
... ##..@X........##
. ## ######....#..#
.##..# . #.# ## #..
###


You could see a thrashing horror and a large abomination.

Vanquished Creatures
  Prince Ribbit (D:6)
  Eustachio (D:6)
  Grum (D:8)
  A large abomination (Abyss:1)
  A water moccasin (D:7)
  2 orc warriors
  2 sky beasts
  2 phantoms
  A necrophage (D:6)
  2 ogres
  3 wolves (D:8)
  A centaur (D:6)
  A big kobold (D:6)
  3 bullfrogs
  A scorpion (D:7)
  4 killer bees (D:8)
  A howler monkey (D:6)
  A hound (D:5)
  A jelly (D:6)
  3 centaur skeletons
  2 orc wizards
  2 bullfrog skeletons
  3 orc priests (D:3)
  Jessica (D:2)
  An iguana (D:5)
  A worker ant (D:5)
  A hound skeleton (D:5)
  11 adders
  3 shadow imps
  A white imp (D:6)
  An ufetubus (D:3)
  3 oozes
  3 adder skeletons
  3 worms
  4 dart slugs
  2 leopard geckos
  34 orcs
  3 bat zombies (D:7)
  15 giant cockroaches
  3 goblins
  8 hobgoblins
  17 jackals
  2 quokkas
  3 ball pythons
  8 bats
  2 frilled lizards
  11 kobolds
  9 rats
  A rat zombie (D:7)
191 creatures vanquished.

Vanquished Creatures (others)
  A kobold (D:6)
  25 plants (D:8)
26 creatures vanquished.

Grand Total: 217 creatures vanquished

Notes
Turn   | Place    | Note
-------+----------+-------------------------------------------
     0 | D:1      | Descartes the Troll Chaos Knight began the quest for the
                  | Orb.
     0 | D:1      | Reached XP level 1. HP: 22/22 MP: 0/0
   275 | D:1      | Reached XP level 2. HP: 29/29 MP: 1/1
   539 | D:1      | Reached skill level 4 in Unarmed Combat
   646 | D:1      | XOM: divination: detect creatures
   902 | D:1      | XOM: butterfly on damage
  1012 | D:2      | Reached XP level 3. HP: 36/36 MP: 2/2
  1109 | D:2      | Noticed a phantom
  1121 | D:2      | XOM: potion effect (might)
  1127 | D:2      | Killed a phantom
  1128 | D:2      | Reached skill level 5 in Unarmed Combat
  1128 | D:2      | Reached XP level 4. HP: 38/44 MP: 3/3
  1225 | D:2      | Reached XP level 5. HP: 50/50 MP: 4/4
  1466 | D:2      | XOM: god gift: 6 gold pieces
  1645 | D:2      | XOM: summons 2 hostile demons
  1772 | D:2      | Noticed Jessica
  1788 | D:2      | XOM: give mutations
  1788 | D:2      | Gained mutation: Your body sometimes deteriorates upon
                  | taking damage. [Xom's mischief]
  1788 | D:2      | Gained mutation: Your magical capacity is low. (-10% MP)
                  | [Xom's mischief]
  1788 | D:2      | Gained mutation: Your mind is acute. (Int +2) [Xom's
                  | mischief]
  1789 | D:2      | Killed Jessica
  1790 | D:2      | Reached skill level 6 in Unarmed Combat
  1818 | D:2      | Found a bloodstained altar of Trog.
  1822 | D:2      | Found a white marble altar of Elyvilon.
  1871 | D:3      | XOM is BORED!
  1871 | D:3      | XOM: repel stairs
  1919 | D:3      | Found a glowing golden altar of the Shining One.
  2057 | D:3      | XOM: 10-stop teleportation journey
  2124 | D:3      | Reached XP level 6. HP: 44/59 MP: 4/4
  2128 | D:3      | Reached skill level 7 in Unarmed Combat
  2173 | D:3      | XOM: god gift: curved smoking staff {god gift}
  2453 | D:3      | Found an iron altar of Okawaru.
  2511 | D:3      | Found a shimmering blue altar of Sif Muna.
  2821 | D:4      | XOM: cloud trail
  2917 | D:4      | XOM: destruction
  3190 | D:4      | XOM: scenery: 1 doors open, 1 doors close
  3254 | D:4      | Found a glowing silver altar of Zin.
  3308 | D:4      | XOM: god gift: 35 gold pieces
  3534 | D:5      | Entered Level 5 of the Dungeon
  3549 | D:5      | Reached skill level 8 in Unarmed Combat
  3549 | D:5      | Reached XP level 7. HP: 60/66 MP: 5/5
  3692 | D:5      | XOM: silly message
  3696 | D:5      | XOM: butterfly on damage
  3743 | D:5      | Reached skill level 9 in Unarmed Combat
  3785 | D:5      | XOM: scenery: create altars
  3844 | D:5      | XOM: god gift: 5 silver javelins
  4027 | D:6      | Found a staircase to the Ecumenical Temple.
  4042 | D:6      | XOM: cloud trail
  4047 | Temple   | Entered the Ecumenical Temple
  4098 | Temple   | XOM: scenery: 3 doors open
  4136 | Temple   | XOM is BORED!
  4249 | Temple   | XOM: divination: detect creatures
  4294 | D:6      | XOM: destruction
  4375 | D:6      | Noticed Maggie
  4391 | D:6      | XOM: silly message
  4393 | D:6      | XOM: divination: detect creatures
  4402 | D:6      | XOM: enchant monster (bad)
  4406 | D:6      | XOM: enchant monster (good)
  4408 | D:6      | XOM: confuse monster(s)
  4510 | D:6      | Reached XP level 8. HP: 62/74 MP: 6/6
  4656 | D:6      | XOM: smoke on damage
  4707 | D:6      | Reached skill level 10 in Unarmed Combat
  4948 | D:6      | Noticed Eustachio
  4955 | D:6      | Killed Eustachio
  5081 | D:6      | Reached skill level 11 in Unarmed Combat
  5278 | D:6      | Found a snail-covered altar of Cheibriados.
  5282 | D:6      | Noticed Prince Ribbit
  5293 | D:6      | Killed Prince Ribbit
  5380 | D:6      | XOM: cloud trail
  5536 | D:7      | Reached XP level 9. HP: 67/80 MP: 7/7
  5907 | D:7      | Reached skill level 12 in Unarmed Combat
  6038 | D:7      | Found an ancient bone altar of Kikubaaqudgha.
  6253 | D:8      | Found a basalt altar of Yredelemnul.
  6261 | D:8      | Found Leestiets's Magic Scroll Boutique.
  6269 | D:8      | Noticed Grum
  6286 | D:8      | XOM: divination: detect creatures
  6300 | D:8      | HP: 4/80 [Grum/-1 spear (2)]
  6302 | D:8      | HP: 1/80 [Grum/-1 spear (1)]
  6307 | D:8      | Killed Grum
  6448 | D:8      | Bought a scroll of identify for 26 gold pieces
  6448 | D:8      | Bought a scroll of remove curse for 39 gold pieces
  6513 | D:8      | Noticed Maurice
  6536 | D:8      | XOM: divination: detect items
  6537 | D:8      | Cast into level 1 of the Abyss (Xom)
  6582 | Abyss:1  | XOM: confusion
  6588 | Abyss:1  | XOM: cleaving
  6589 | Abyss:1  | Noticed a large abomination
  6590 | Abyss:1  | XOM: confuse monster(s)
  6612 | Abyss:1  | Noticed a thrashing horror
  6620 | Abyss:1  | XOM: cast spell 'Summon Small Mammal'
  6624 | Abyss:1  | Slain by a thrashing horror

Illustrated notes

Levels and vault maps discovered:
D:1:      lemuel_arrival_river_ford, layout_basic
D:2:      layout_loops_ring, bloody_trog, lemuel_round_altar,
          minmay_misc_feat_chi, uniq_jessica
D:3:      layout_loops_ring, okawaru_gym_becter, led_sif_book, tso_metal_star
D:4:      minmay_skewed_foursquare, layout_basic, zin_academy,
          hangedman_decor_push
D:5:      layout_rooms
D:6:      layout_gridville, temple_statues, cheibrodos_worm_habitat,
          uniq_prince_ribbit1, uniq_eustachio, uniq_maggie
D:7:      layout_gridville, lemuel_zombie_altar_kikubaaqudgha, minivault_1,
          minmay_splitting_lines
D:8:      layout_loops_cross, kennysheep_mini_moat, overflow_temple_1_default,
          david_lair_shrubbed, serial_shops, shop_scrolls, uniq_maurice,
          uniq_grum, uniq_harold, uniq_erica
Temple:   nicolae_temple_figure_eight
Abyss:1:  base: D:1, evilmike_abyss_exit_14

Skill      XL: |  1  2  3  4  5  6  7  8  9 |
---------------+----------------------------+-----
Unarmed Combat | 4 5 6 8 9 11 12 | 12.5
Dodging        | 2 4 |  4.3
Fighting       | |  2.4

Action                   |  1- 3 |  4- 6 |  7- 9 || total
-------------------------+-------+-------+-------++-------
Melee: Unarmed           |    84 |   201 |   255 ||   540
       Punch             |     1 |     3 |     8 ||    12
  Use: Scroll            |       |     1 |     1 ||     2
       Potion            |       |       |     6 ||     6
 Stab: Sleeping          |       |     1 |       ||     1
       Invisible         |       |       |     3 ||     3
Armor: Robe              |    23 |    81 |    91 ||   195
Dodge: Dodged            |    38 |   104 |   134 ||   276
